 Dungeon Crawl Stone Soup version 0.29.0-7-g18a832c13a (webtiles) character file.

Game seed: 12545482363469240194

240 raistware the Conjurer (level 6, -8/36 HPs)
             Began as an Octopode Conjurer on Aug 30, 2022.
             Killed from afar by an orc wizard (12 damage)
             ... with a magic dart
             ... on level 3 of the Dungeon.
             The game lasted 00:08:38 (3386 turns).

raistware the Conjurer (Octopode Conjurer)          Turns: 3386, Time: 00:08:38

Health: -8/36      AC:  1    Str:  6    XL:     6   Next: 8%
Magic:  3/12       EV: 13    Int: 23    God:
Gold:   20         SH:  0    Dex: 10    Spells: 8/14 levels left

rFire   . . .      SeeInvis .   i - staff of cold
rCold   + . .      Faith    .   (no shield)
rNeg    . . .      Spirit   .   (helmet restricted)
rPois   .          Reflect  .   (no amulet)
rElec   .          Harm     .   (no ring)
rCorr   .          Rampage  .   (no ring)
Will    .....                   (no ring)
Stlth   +++.......              (no ring)
HPRegen 0.12/turn               (no ring)
MPRegen 0.13/turn               (no ring)
                                (no ring)
                                (no ring)

@: mighty
A: almost no armour, amphibious, 8 rings, camouflage 1, gelatinous body 1,
(nimble swimmer 1), tentacles
a: no special abilities


You were on level 3 of the Dungeon.
You visited 1 branch of the dungeon, and saw 3 of its levels.

You collected 79 gold pieces.
You spent 59 gold pieces at shops.

Inventory:

Missiles
 e - 5 poisoned darts
Magical Staves
 i - a staff of cold (weapon)
Scrolls
 b - a scroll of magic mapping
 f - a scroll of fog {unknown}
 h - a scroll of poison {unknown}
 l - a scroll of blinking {unknown}
Potions
 a - a potion of cancellation {unknown}
 c - a potion of invisibility
 d - a potion of resistance {unknown}
 g - a potion of heal wounds {unknown}
 j - a potion of might
 k - a potion of curing
 m - a potion of lignification {unknown}


   Skills:
 - Level 2.0 Dodging
 - Level 2.6 Stealth
 + Level 4.5 Spellcasting
 - Level 5.0 Conjurations
 - Level 2.0 Translocations


You had 8 spell levels left.
You knew the following spells:

 Your Spells              Type           Power      Damage    Failure   Level
a - Magic Dart            Conj           100%       1d8       1%          1
b - Iskenderun's Mystic   Conj/Tloc      21%        2d6       24%         4
z - Apportation           Tloc           28%        N/A       4%          1

Your spell library contained the following spells:

 Spells                   Type           Power      Damage    Failure   Level
 Searing Ray              Conj           56%        2d6       1%          2
 Necrotise                Necr           20%        1d5       10%         1
 Sting                    Tmut/Pois      20%        1d4       10%         1
 Summon Small Mammal      Summ           20%        N/A       10%         1
 Dazzling Flash           Conj/Hex       32%        N/A       11%         3
 Call Canine Familiar     Summ           5%         N/A       30%         3
 Summon Guardian Golem    Hex/Summ       5%         N/A       30%         3
 Fulminant Prism          Conj/Hex       8%         3d7       34%         4


Dungeon Overview and Level Annotations

Branches:
Dungeon (3/15)

Altars:

Shops:
D:2 !(:[?   D:3 ((*[[

Annotations:
D:3 Grinder


Innate Abilities, Weirdness & Mutations

You cannot wear most types of armour.
You are amphibious.
You can wear up to eight rings at the same time.
Your skin changes colour to match your surroundings (Stealth+).
Your rubbery body absorbs attacks. (AC +1, EV +1)
((You are camouflaged when in or above water. (Stealth+)))
You have tentacles for arms and can constrict up to eight enemies at once.


Message History

The orc priest invokes the aid of Beogh against you.
Pain shoots through your body!
The orc priest hits you with a +0 flail.
Casting: Magic Dart (safe; 1% risk of failure)
Confirm with . or Enter, or press ? or * to list all spells.
The spell is extremely dangerous to miscast (24% risk of failure)!
Continue anyway?
You erupt in a blast of force!
The mystic blast hits the orc!
You kill the orc!
The mystic blast hits the orc!
You kill the orc!
The mystic blast hits the orc wizard!
The orc wizard is heavily wounded.
The orc wizard is knocked back by the mystic blast.
The mystic blast hits the orc priest.
The orc priest is heavily wounded.
You lose your grip on the orc priest.
The orc priest is knocked back by the mystic blast.
Unknown command.
Unknown command.
The orc priest hits you with a +0 flail!
Casting: Iskenderun's Mystic Blast (extremely dangerous; 24% risk of failure)
Confirm with . or Enter, or press ? or * to list all spells.
You don't have enough magic to cast this spell.
There are monsters nearby!
Unknown command.
Casting: Iskenderun's Mystic Blast (extremely dangerous; 24% risk of failure)
Confirm with . or Enter, or press ? or * to list all spells.
You don't have enough magic to cast this spell.
You are too injured to fight recklessly!
You feel very mighty all of a sudden.
The orc priest mumbles some strange prayers to Beogh against you.
Beogh smites you!
* * * LOW HITPOINT WARNING * * *
The orc wizard casts a spell.
The orc wizard flickers and vanishes!
Deactivating autopickup; reactivate with Ctrl-A.
The orc priest casts a cantrip, but nothing happens.
A magic dart appears from out of thin air!
The magic dart hits you!
You die...

#..# #.
#..# . #.
#..# .. #
##..#
##...
...##...
#.....####
#{o)......
# #.# #.
#@#..# #.
#.#..# #
#.#..#
#.#..#
###'#..#
#.'∩+..#
#.#'#..#
#......#
####...#


You could see an orc priest.

Vanquished Creatures
  3 orc priests (D:3)
  Jessica (D:3)
  An orc wizard (D:3)
  2 adders
  3 worms
  4 orcs (D:3)
  4 ball pythons
  3 bats
  5 endoplasms
  3 giant cockroaches
  5 goblins
  6 hobgoblins
  11 jackals
  4 quokkas
  A frilled lizard (D:1)
  6 kobolds
  7 rats
69 creatures vanquished.

Vanquished Creatures (others)
  A fungus (D:2)
  A plant (D:2)
2 creatures vanquished.

Grand Total: 71 creatures vanquished

Notes
Turn   | Place    | Note
-------+----------+-------------------------------------------
     0 | D:1      | raistware the Octopode Conjurer began the quest for the
                  | Orb.
     0 | D:1      | Reached XP level 1. HP: 11/11 MP: 3/3
   473 | D:1      | Reached XP level 2. HP: 17/17 MP: 0/5
  1027 | D:1      | Reached XP level 3. HP: 21/21 MP: 2/7
  1458 | D:2      | Found Xuratep's Antique Armour Boutique.
  1574 | D:2      | Found Xadumiuco's Distillery.
  1577 | D:2      | Bought a potion of curing for 33 gold pieces
  1606 | D:2      | Found a faded altar of an unknown god.
  1717 | D:2      | Got Plato's Grimoire of Venom
  1737 | D:2      | Found Zulaow's Weapon Emporium.
  1740 | D:2      | Learned a level 1 spell: Apportation
  1775 | D:2      | Found Ceixuma's Book Shop.
  1975 | D:2      | Reached XP level 4. HP: 23/27 MP: 1/9
  2049 | D:2      | Found Galuada's Magic Scroll Shoppe.
  2054 | D:2      | Bought a scroll of identify for 26 gold pieces
  2149 | D:3      | Noticed Jessica
  2149 | D:3      | Noticed Grinder
  2149 | D:3      | Found Saniqerea's Armour Emporium.
  2201 | D:3      | Found Ofo Feih's General Store.
  2221 | D:3      | Learned a level 4 spell: Iskenderun's Mystic Blast
  2299 | D:3      | Reached skill level 1 in Translocations
  2396 | D:3      | Killed Jessica
  2480 | D:3      | Found Peferiph's Weapon Emporium.
  2589 | D:3      | Found Violulu's Armour Shop.
  2717 | D:3      | Reached XP level 5. HP: 13/31 MP: 3/11
  2722 | D:3      | Reached skill level 5 in Conjurations
  3363 | D:3      | Found Eminwaoph's Antique Weapon Shoppe.
  3377 | D:3      | Reached XP level 6. HP: 36/36 MP: 6/12
  3386 | D:3      | Killed from afar by an orc wizard

Illustrated notes

Levels and vault maps discovered:
D:1:      scummos_arrival_simple_crosswalls, layout_loops_cross
D:2:      layout_basic, serial_shops, nicolae_diamond_shop, shop_fountains,
          shop_fountains, shop, nicolae_shop_window_shopping,
          shapermc_ecumenical_altar_rom_forum
D:3:      layout_loops_ring, serial_shops, nicolae_shop_behind_doors,
          nicolae_shop_behind_doors, shop, nicolae_shop_advertising_works
          [nicolae_subvault_shop_adworks], nicolae_shop_hallway_stairs,
          uniq_natasha, uniq_jessica, uniq_grinder

Skill      XL: |  1  2  3  4  5 |
---------------+----------------+-----
Spellcasting   | 3 4 |  4.5
Translocations | 2 |  2.0
Conjurations   | 5 |  5.0
Dodging        | |  2.0
Stealth        | |  2.6

Action                   |  1- 3 |  4- 6 || total
-------------------------+-------+-------++-------
Melee: Unarmed           |    22 |       ||    22
       Constrict         |     9 |     7 ||    16
       Tentacles         |     7 |     5 ||    12
       Staff             |    10 |    20 ||    30
       Punch             |     1 |       ||     1
 Cast: Magic Dart        |    70 |    58 ||   128
       Iskenderun's Myst |       |     3 ||     3
  Use: Scroll            |       |     3 ||     3
       Potion            |       |     2 ||     2
 Stab: Sleeping          |     1 |       ||     1
Armor: Skin              |     5 |     2 ||     7
Dodge: Dodged            |    27 |    14 ||    41
